 Dungeon Crawl Stone Soup version 0.26.1-2-gb8aa6d0 (webtiles) character file.

Game seed: 17794826589722023783

391 Nithhogg the Skirmisher (level 6, -4/50 HPs)
             Began as a Barachi Fighter on Apr 1, 2021.
             Was a Believer of Zin.
             Slain by a gnoll
             ... wielding a +0 spear
              (7 damage)
             ... on level 4 of the Dungeon.
             The game lasted 00:10:06 (4451 turns).

Nithhogg the Skirmisher (Barachi Fighter)           Turns: 4451, Time: 00:10:07

Health: -4/50      AC:  7    Str: 20    XL:     6   Next: 80%
Magic:  6/7        EV: 11    Int:  8    God:    Zin [**....]
Gold:   131        SH:  0    Dex: 11    Spells: 5/5 levels left

rFire    . . .     SeeInvis .   a - +0 war axe
rCold    . . .     Faith    .   (no shield)
rNeg     . . .     Spirit   .   g - +0 scale mail (curse)
rPois    .         Reflect  .   (no helmet)
rElec    .         Harm     .   (no cloak)
rCorr    .         Rampage  .   (no gloves)
Will     .....                  (no boots)
Stlth    ..........             (no amulet)
HPRegen  0.16/turn              (no ring)
MPRegen  0.10/turn              (no ring)

@: mighty, slow
A: +LOS, swims, slowness 1, strong legs 1
a: Hop, Renounce Religion, Recite, Vitalisation, Donate Gold


You were on level 4 of the Dungeon.
You worshipped Zin.
Zin was pleased with you.
You visited 1 branch of the dungeon, and saw 4 of its levels.

You collected 200 gold pieces.
You donated 69 gold pieces to Zin.

Inventory:

Hand Weapons
 a - a +0 war axe (weapon)
Armour
 c - a +0 kite shield
 f - a +0 chain mail
 g - a cursed +0 scale mail (worn)
Scrolls
 b - a scroll of remove curse
 e - 2 scrolls of blinking
 h - 9 scrolls of identify
 i - a scroll of immolation
 r - a scroll of teleportation {unknown}
Potions
 d - 3 potions of might
 j - a potion of brilliance {unknown}
 k - a potion of curing {unknown}
 l - a potion of mutation {unknown}
 m - 3 potions of heal wounds {unknown}
 n - a potion of resistance {unknown}
 o - a potion of berserk rage {unknown}
 q - 2 potions of haste {unknown}


   Skills:
 + Level 4.9 Fighting
 * Level 4.7 Axes
 + Level 4.9 Armour
 + Level 2.7 Dodging
 - Level 3.2 Shields
 + Level 1.3 Invocations
 + Level 1.8 Evocations


You had 5 spell levels left.
You didn't know any spells.
Your spell library was empty.

Dungeon Overview and Level Annotations

Branches:
Dungeon (4/15)
 Temple: D:4-7

Altars:
Okawaru
Xom
Zin


Innate Abilities, Weirdness & Mutations

You can be seen from farther away. (+LOS)
You can swim through water.
You cover ground slowly.
You can hop short distances.


Message History

* * * LOW HITPOINT WARNING * * *
The gnoll barely misses you.
The gnoll is lost in a daze. x2
You slash the gnoll!
You kill the gnoll!
The gnoll is lost in a daze.
The gnoll barely misses you.
The gnoll is lost in a daze.
The gnoll barely misses you.
Things that are here:
a +0 club; a +0 spear; a fuming coppery potion You closely miss the gnoll.
You barely miss the gnoll. The gnoll closely misses you.
The gnoll barely misses you.
You hit the gnoll.
The gnoll is moderately wounded.
You slash the gnoll!
You kill the gnoll!
The gnoll completely misses you. The gnoll hits you with a +0 spear!
* * * LOW HITPOINT WARNING * * *
You slash the gnoll!
The gnoll is almost dead.
The gnoll hits you with a +0 spear!
You die...

#.#.#####..###.#.#.#.###
#.#..........#.#.#.#....
#.########...#.#(#######
#..g.g.g.....#.#.#
##########g..#.#.#
#.#......#g#.#.#.#
#.#........#.#.#.#.#
#.#.#.######.#.#.... ###
#.#.#....@<....###.# #.#
#.#.#..###g.....##.# #.#
#.#.#..###+###..##.# #.#
#.#.#.##≈≈≈≈≈#...#.# #.#
###.#.#..#≈≈≈≈≈#.#.#.# #.###
#.....####≈≈≈≈≈#.#...###.#..
#........#≈≈≈≈≈#.#.....#.#.#
#....#######'#####...#.#†#.#
###.#######..#.......#.#.#.#


You could see a gnoll (dazed).

Vanquished Creatures
  An ogre (D:4)
  A howler monkey (D:4)
  2 orc priests (D:4)
  A worker ant (D:4)
  3 gnolls (D:4)
  4 adders
  4 oozes
  3 worms (D:2)
  A dart slug (D:1)
  A leopard gecko (D:1)
  5 orcs
  A ball python (D:3)
  4 giant cockroaches
  10 goblins
  7 hobgoblins
  5 jackals
  9 kobolds
  A quokka (D:3)
  9 bats
  8 frilled lizards
  13 rats
93 creatures vanquished.

Notes
Turn   | Place    | Note
-------+----------+-------------------------------------------
     0 | D:1      | Nithhogg the Barachi Fighter began the quest for the Orb.
     0 | D:1      | Reached XP level 1. HP: 18/18 MP: 1/1
   331 | D:1      | Reached XP level 2. HP: 16/25 MP: 2/2
   635 | D:1      | Reached skill level 1 in Dodging
   726 | D:1      | Reached XP level 3. HP: 24/30 MP: 3/3
  1753 | D:2      | Reached XP level 4. HP: 37/37 MP: 4/4
  1775 | D:2      | Found a glowing silver altar of Zin.
  1782 | D:2      | Became a worshipper of Zin the Law-Giver
  1882 | D:2      | Reached * piety under Zin
  1940 | D:2      | Donated 49 gold pieces to Zin
  2500 | D:3      | Found an iron altar of Okawaru.
  2626 | D:3      | Found a shimmering altar of Xom.
  3031 | D:3      | Reached XP level 5. HP: 43/43 MP: 5/5
  3418 | D:3      | Reached ** piety under Zin
  3638 | D:4      | Reached skill level 1 in Evocations
  3802 | D:4      | Reached skill level 1 in Invocations
  3802 | D:4      | Reached XP level 6. HP: 23/49 MP: 6/6
  4451 | D:4      | Slain by a gnoll

Illustrated notes

Levels and vault maps discovered:
D:1:      evilmike_arrival_crescent, layout_loops_corners, minmay_hedge_maze
D:2:      layout_basic, old_standard_altar
D:3:      layout_loops_ring, okawaru_gym_becter, general_overflow_altar
D:4:      layout_basic, gammafunk_temple_overflow_wave, serial_rivers,
          chequers_serial_rivers_micro_d, chequers_serial_rivers_micro_b,
          chequers_serial_rivers_micro_d, chequers_serial_rivers_room_b

Skill      XL: |  1  2  3  4  5 |
---------------+----------------+-----
Dodging        | 1 2 |  2.7
Armour         | 4 |  4.9
Axes           | 3 4 |  4.7
Fighting       | 4 |  4.9
Evocations     | 1 |  1.8
Invocations    | 1 |  1.3
Shields        | |  3.2

Action                   |  1- 3 |  4- 6 || total
-------------------------+-------+-------++-------
Melee: War axe           |    93 |   195 ||   288
Invok: Recite            |       |     3 ||     3
       Donate Gold       |       |     1 ||     1
 Abil: Hop               |       |     1 ||     1
Evoke: Wand              |       |     6 ||     6
  Use: Scroll            |       |     6 ||     6
       Potion            |       |     1 ||     1
Armor: Scale mail        |    32 |    80 ||   112
       Chain mail        |       |    43 ||    43
Dodge: Dodged            |    57 |   129 ||   186
